 Dungeon Crawl Stone Soup version 0.31.0-1-g2c135a0 (webtiles) character file.

Game seed: 5679174093246069769

10 jagoly the Trooper (level 2, 0/19 HPs)
             Began as a Gargoyle Monk on Feb 2, 2024.
             Slain by a kobold
             ... wielding a +3 short sword
              (5 damage)
             ... on level 1 of the Dungeon.
             The game lasted 00:01:04 (95 turns).

jagoly the Trooper (Gargoyle Monk)                    Turns: 95, Time: 00:01:04

Health: 0/19       AC:  4    Str: 14    XL:     2   Next: 20%
Magic:  2/2        EV: 12    Int: 10    God:
Gold:   0          SH:  0    Dex: 12    Spells: 1/1 levels left

rFire   . . .        a - +0 hand axe
rCold   . . .        d - orb {light}
rNeg    + . .        b - +0 robe
rPois   ∞            (no helmet)
rElec   +            (no cloak)
rCorr   .            (no gloves)
SInv    .            (no boots)
Will    .....        (no amulet)
Stlth   +            (no ring)
HPRegen 0.23/turn    (no ring)
MPRegen 0.08/turn

%: no passive effects
@: glowing
A: sickness immunity, AC +2, negative energy resistance 1, electricity
resistance, torment resistance 1, petrification resistance
a: no special abilities


You were on level 1 of the Dungeon.
You visited 1 branch of the dungeon, and saw 1 of its levels.

Inventory:

Hand Weapons
 a - a +0 hand axe (weapon)
Armour
 b - a +0 robe (worn)
 d - an orb of light (worn)
Scrolls
 e - a scroll of identify {unknown}
 f - a scroll of vulnerability {unknown}
Potions
 c - a potion of ambrosia
 g - a potion of degeneration {unknown}


   Skills:
 + Level 3.4 Fighting
 * Level 2.9 Axes
 + Level 0.6 Armour
 + Level 2.5 Dodging


You had one spell level left.
You didn't know any spells.
Your spell library was empty.

Dungeon Overview and Level Annotations

Branches:
Dungeon (1/15) Zot: 5899

Altars:


Innate Abilities, Weirdness & Mutations

You are immune to sickness and miasma.
Your stone body is resilient. (AC +2)
You are immune to poison.
You resist negative energy. (rN+)
You are resistant to electric shocks. (rElec)
You are resistant to unholy torment.
You are immune to petrification.


Message History

Welcome, jagoly the Gargoyle Monk.
The incredible Orb of Zot lies far below, as if waiting for you to find it.
Press ? for a list of commands and other information.
Found a staircase leading out of the dungeon.
Adjust (i)tems, (s)pells, or (a)bilities?
Huh?
Unknown command.
Unknown command.
Unknown command.
Unknown command.
A goblin comes into view. It is wielding a +0 dagger of flaming.
The goblin shouts!
You slash the goblin!
You kill the goblin!
A ball python comes into view.
The ball python hisses angrily.
You hear a shout!
You see here a +0 dagger of flaming.
A ball python is nearby!
A kobold comes into view. It is wielding a +0 club.
You slash the ball python!
You kill the ball python!
The kobold throws a stone.
The stone misses you.
The kobold throws a stone.
The stone hits you.
A goblin comes into view. It is wielding a +0 club.
The kobold hits you with a +0 club.
A goblin comes into view. It is wielding a +0 dagger.
The goblin shouts!
You slash the kobold!
You kill the kobold!
The goblin hits you with a +0 club.
You hit the goblin.
The goblin is moderately wounded.
The goblin hits you with a +0 club.
You hit the goblin.
The goblin is heavily wounded.
The goblin closely misses you.
You closely miss the goblin.
The goblin is heavily wounded.
The goblin hits you with a +0 club.
You hit the goblin.
The goblin is severely wounded.
The goblin hits you with a +0 club. x2
* * * LOW HITPOINT WARNING * * *
You are too injured to fight recklessly!
You are too injured to fight recklessly!
You hit the goblin.
You kill the goblin!
You slash the goblin!
You kill the goblin!
Things that are here:
a +0 dagger; a +0 club; a goblin corpse
Found a scroll labelled CULINOVVILIT.
A ball python comes into view.
Found a mace.
Found a stone staircase leading down.
Found a scroll labelled HAUM HEATEP.
A rat comes into view.
The rat squeaks loudly.
You barely miss the ball python.
The ball python bites you but does no damage.
The ball python barely misses you.
You hit the ball python.
You kill the ball python!
A rat comes into view.
The rat squeaks loudly.
The rat bites you but does no damage.
Okay, then.
You see here a scroll labelled CULINOVVILIT.
Okay, then.
e - a scroll labelled CULINOVVILIT The rat misses you.
You slash the rat!
You kill the rat!
The rat bites you but does no damage.
You have reached level 2!
You barely miss the rat. The rat misses you.
You hit the rat but do no damage. The rat bites you but does no damage.
Unknown command.
You hit the rat.
You kill the rat!
f - a scroll labelled HAUM HEATEP You open the door.
Found 6 stones, a viscous yellow potion and a scale mail.
There is an open door here.
A ball python and a kobold come into view.
The ball python hisses angrily.
The kobold shouts!
You hear a shout!
A frilled lizard comes into view.
You see here a viscous yellow potion.
g - a viscous yellow potion The frilled lizard hisses angrily.
A frilled lizard comes into view.
The frilled lizard hisses angrily.
The ball python closely misses you. The ball python barely misses you.
You hit the ball python but do no damage.
The ball python bites you but does no damage.
The ball python grabs you. The ball python constricts you.
You hit the ball python.
You kill the ball python!
The kobold throws a stone.
The stone hits you but does no damage.
You hit the frilled lizard but do no damage.
The frilled lizard closely misses you.
The frilled lizard bites you but does no damage.
You hit the frilled lizard.
The frilled lizard is heavily wounded.
You barely miss the frilled lizard. The frilled lizard bites you.
The frilled lizard closely misses you.
You closely miss the frilled lizard.
The frilled lizard is heavily wounded.
You hit the frilled lizard.
You kill the frilled lizard!
The frilled lizard bites you but does no damage.
You hit the frilled lizard.
You kill the frilled lizard!
You barely miss the kobold. The kobold barely misses you.
You hit the kobold but do no damage. The kobold hits you but does no damage.
You barely miss the kobold.
The kobold hits you with a +3 short sword!
You hit the kobold but do no damage. The kobold hits you but does no damage.
You closely miss the kobold. The kobold barely misses you.
The kobold hits you but does no damage.
You hit the kobold.
The kobold is severely wounded.
The kobold hits you with a +3 short sword.
* * * LOW HITPOINT WARNING * * *
You are too injured to fight recklessly!
Cleave: a) +0 hand axe
Press: ? - help, Dir - move target, f - kobold
Aim: a kobold, wielding a +3 short sword and quivering stones (severely wounded, haloed, about 29% to evade your +0 hand axe)
You barely miss the kobold.
The kobold is severely wounded.
The kobold hits you with a +3 short sword.
* * * LOW HITPOINT WARNING * * *
Cleave: a) +0 hand axe
Press: ? - help, Dir - move target, f/p - kobold
Aim: a kobold, wielding a +3 short sword and quivering stones (severely wounded, haloed, about 29% to evade your +0 hand axe)
You barely miss the kobold.
The kobold is severely wounded.
The kobold hits you with a +3 short sword.
You die...

#.###.# ... #.# ....#
#.# #.# .... ... #.#
....#... ## #.# ....#K.
#.# ...#.. #. ###.#
###..#.#... #...#
#..K#..#... ###.###
#.@.#...... #...#
#......#.# #.###
#........# #.#
#(.....##.. ###.#.# ###
#.......... #.....# ..#
###'#####.. #.##### #.#
#.# ..# .
##.#######.######.#...#
...)...#...##.........#


You could see a kobold.

Vanquished Creatures
  3 goblins (D:1)
  3 ball pythons (D:1)
  2 frilled lizards (D:1)
  A kobold (D:1)
  2 rats (D:1)
11 creatures vanquished.

Notes
Turn   | Place    | Note
-------+----------+-------------------------------------------
     0 | D:1      | jagoly the Gargoyle Monk began the quest for the Orb.
     0 | D:1      | Reached XP level 1. HP: 14/14 MP: 1/1
    64 | D:1      | Reached XP level 2. HP: 15/19 MP: 2/2
    95 | D:1      | Slain by a kobold

Illustrated notes

Levels and vault maps discovered:
D:1:      elethiomel_arrival_maze, layout_basic, ebering_ecumenical_altar_webs,
          amethyst_killhole, hangedman_decor_peaks_small

Action                     || total
---------------------------++-------
  Melee: Hand axe          ||    28
 Armour: Robe              ||    23
  Dodge: Dodged            ||    11
